 Dungeon Crawl Stone Soup version 0.24.0-13-gcf9b3192b9 (webtiles) character file.

Game seed: 15298231859703672735, levelgen mode: deterministic

12213 Johnny the Carver (level 11, -5/166 HPs)
             Began as a Troll Berserker on Nov 5, 2019.
             Was a High Priest of Trog.
             Slain by a sixfirhy (10 damage)
             ... in a Gauntlet.
             The game lasted 00:16:16 (9578 turns).

Johnny the Carver (Troll Berserker)                 Turns: 9578, Time: 00:16:16

Health: -5/166     AC:  9    Str: 35    XL:     11   Next: 59%
Magic:  0/10       EV: 13    Int:  3    God:    Trog [*****.]
Gold:   607        SH:  0    Dex:  9    Spells: 10/10 levels left

rFire    . . .     SeeInvis .   a - +0 falchion
rCold    + . .     Gourm    +   (no shield)
rNeg     . . .     Faith    .   K - +2 robe {rC+}
rPois    .         Spirit   +   (helmet restricted)
rElec    .         Reflect  .   y - +0 cloak
rCorr    .         Harm     .   (gloves unavailable)
MR       .....     NoTele   +   (boots unavailable)
Stlth    ..........             n - amulet of guardian spirit
HPRegen  0.77/turn              (no ring)
MPRegen  0.12/turn              (no ring)

@: berserking, very quick
A: large, unfitting armour, claws 3, fast metabolism 3, gourmand, regeneration
1, shaggy fur 1, tough skin 3
a: Berserk, Trog's Hand, Brothers in Arms, Renounce Religion


You were in a Gauntlet.
You worshipped Trog.
Trog was extremely pleased with you.
You were not hungry.

You visited 1 branch of the dungeon, and saw 11 of its levels.
You also visited: Sewer and Gauntlet.

You collected 775 gold pieces.
You spent 168 gold pieces at shops.

Inventory:

Hand Weapons
 a - a +0 falchion (weapon)
 t - a +2 short sword of draining
Missiles
 F - a throwing net (quivered)
Armour
 y - a +0 cloak (worn)
 K - a +2 robe of cold resistance (worn)
Jewellery
 n - an amulet of guardian spirit (around neck)
Wands
 v - a wand of polymorph (1)
 w - a wand of random effects (20)
 x - a wand of flame (26)
 H - a wand of iceblast (12)
 I - a wand of paralysis (7)
Scrolls
 d - 7 scrolls of teleportation
 e - 4 scrolls of blinking
 g - a scroll of torment {unknown}
 h - 4 scrolls of remove curse
 i - 2 scrolls of immolation {unknown}
 j - 3 scrolls of random uselessness {unknown}
 k - a scroll of noise
 m - 4 scrolls of fog {unknown}
 s - 6 scrolls of magic mapping
 u - 2 scrolls of amnesia
 B - a scroll of brand weapon {unknown}
 C - 2 scrolls of enchant weapon {unknown}
 E - 2 scrolls of enchant armour {unknown}
 J - a scroll of fear
Potions
 b - 2 potions of brilliance {unknown}
 f - 2 potions of degeneration {unknown}
 l - 2 potions of haste
 o - 3 potions of heal wounds
 p - 2 potions of magic {unknown}
 q - 5 potions of curing
 r - a potion of berserk rage {unknown}
 z - 2 potions of mutation {unknown}
 A - 3 potions of agility {unknown}
 D - 2 potions of might
 G - a potion of cancellation {unknown}
Comestibles
 c - 31 rations


   Skills:
 + Level 8.3 Fighting
 * Level 11.3 Long Blades
 + Level 8.3 Dodging


You had 10 spell levels left.
You didn't know any spells.
Your spell library contained the following spells:

 Spells                   Type           Power        Failure   Level  Hunger
 Animate Skeleton         Necr           N/A          52%         1    ##.....
 Apportation              Tloc           #.....       52%         1    ##.....
 Confusing Touch          Hex            #.....       52%         1    ##.....
 Corona                   Hex            #......      52%         1    ##.....
 Magic Dart               Conj           #...         52%         1    ##.....
 Summon Small Mammal      Summ           #...         52%         1    ##.....
 Blink                    Tloc           N/A          67%         2    ###....
 Call Imp                 Summ           #.......     67%         2    ###....
 Ensorcelled Hibernation  Hex/Ice        #.....       67%         2    ###....
 Slow                     Hex            #.......     67%         2    ###....
 Confuse                  Hex            #.......     88%         3    ####...
 Conjure Flame            Conj/Fire      #.......     88%         3    ####...
 Dazzling Spray           Conj/Hex       #.....       88%         3    ####...
 Mephitic Cloud           Conj/Pois/Air  #.......     88%         3    ####...
 Tukima's Dance           Hex            #.......     88%         3    ####...


Dungeon Overview and Level Annotations

Branches:
Dungeon (11/15)            Temple (0/1) D:7           Sewer (visited)
Gauntlet (1/1)
   Lair: D:8-11         Orc: D:9-12

Altars:
Dithmenos
Elyvilon
Fedhas
Makhleb
Nemelex Xobeh
Okawaru
Uskayaw
Vehumet
Wu Jian
Yredelemnul
The Shining One

Shops:
D:7 *   D:8 =

Annotations:
Gauntlet 11 transporters


Innate Abilities, Weirdness & Mutations

You are too large for most types of armour.
You have claws for hands.
Your metabolism is lightning-fast.
You like to eat raw meat.
Your natural rate of healing is unusually fast.
You are covered in fur. (AC +1)
You have extremely tough skin. (AC +3)


Message History

Unknown command.
Unknown command.
You closely miss the sixfirhy.
Unknown command.
Unknown command.
You closely miss the sixfirhy.
Unknown command.
Unknown command.
Unknown command.
You closely miss the sixfirhy.
Unknown command.
Unknown command.
You miss the sixfirhy.
Unknown command.
You hit the sixfirhy.
The sixfirhy is lightly wounded.
The sixfirhy hits you.
* * * LOW HITPOINT WARNING * * *
The sixfirhy shocks you!
You die...

#8#..###########...#######
###..###..###.##...#...#.#
#....#.#..#..#.#...#..#...
###....#.##...."##...#.##...
#8#..####.#..###.#...#(.##.#
###..#©###.####.©#...#©.#.©.
#..#.#....####$#...#?.##.#
###..#.##.#3#.##$#...#[##...
#8#..#.#.#3@#....#...#..#...
########..#.#.####.#.##...#tGs#.#
8#........#.###########...#######
##........#.#...........≈........
....#######.#######....≈8≈....###
....#©...........©#.....≈.....#©.
#######################...#######
#..[.©....#.#...!©Z...#...#[≈..©.
#.........#.#...#.#...#...#^≈.≈..


You could see 2 sixfirhies and a bullfrog simulacrum.

Vanquished Creatures
  A centaur warrior (D:10)
  2 two-headed ogres (D:10)
  A sixfirhy (Gauntlet)
  Pikel (D:8)
  A rust devil (Gauntlet)
  Joseph (D:8)
  A gargoyle (D:10)
  A hornet (D:9)
  A hippogriff (D:3)
  A wyvern (D:7)
  A ynoxinul (Gauntlet)
  4 hogs
  5 yaks (D:9)
  A human (D:7)
  A steam dragon (D:5)
  Grum (D:8)
  5 ice beasts
  5 orc warriors
  5 sky beasts
  2 phantoms
  3 wolves (D:8)
  7 ogres
  A necrophage (D:9)
  4 centaurs
  3 big kobolds (Sewer)
  6 bullfrogs
  A water moccasin skeleton (D:6)
  2 scorpions
  3 killer bees (D:10)
  3 wights (D:8)
  3 electric eels (D:8)
  5 howler monkeys
  2 crimson imps
  A bullfrog zombie (D:7)
  8 hounds
  A quasit (D:4)
  4 iron imps (Gauntlet)
  A bullfrog skeleton (D:9)
  2 gnoll shamans
  3 orc priests
  3 iguanas
  7 orc wizards
  Natasha (twice) (D:4)
  12 worker ants
  A hound zombie (D:8)
  2 hound skeletons
  A worker ant zombie (D:8)
  Robin (D:4)
  11 gnolls
  5 adders
  A howler monkey skeleton (D:4)
  2 adder zombies (D:9)
  2 adder skeletons
  5 worms
  4 dart slugs
  8 leopard geckos
  65 orcs
  4 ball pythons
  7 giant cockroaches
  9 hobgoblins
  14 jackals
  19 kobolds
  A quokka (D:9)
  10 bats
  7 frilled lizards
  19 goblins
  A jackal zombie (D:5)
  5 rats
332 creatures vanquished.

Vanquished Creatures (collateral kills)
  2 hornets (Gauntlet)
2 creatures vanquished.

Vanquished Creatures (others)
  A slave (D:8)
  An orc wizard (D:8)
  8 demonic plants (Gauntlet)
  2 plants (D:8)
12 creatures vanquished.

Grand Total: 346 creatures vanquished

Notes
Turn   | Place    | Note
-------+----------+-------------------------------------------
     0 | D:1      | Johnny the Troll Berserker began the quest for the Orb.
     0 | D:1      | Reached XP level 1. HP: 22/22 MP: 0/0
   149 | D:1      | Reached XP level 2. HP: 29/29 MP: 1/1
   407 | D:1      | Reached skill level 3 in Long Blades
   426 | D:1      | Reached XP level 3. HP: 35/36 MP: 2/2
   872 | D:2      | Reached ** piety under Trog
  1390 | D:2      | Reached XP level 4. HP: 44/44 MP: 1/3
  1865 | D:3      | Noticed a hippogriff
  1876 | D:3      | Killed a hippogriff
  1876 | D:3      | Reached skill level 4 in Long Blades
  1876 | D:3      | Reached XP level 5. HP: 36/53 MP: 1/4
  1876 | D:3      | Reached XP level 6. HP: 42/61 MP: 1/5
  2567 | D:4      | Reached *** piety under Trog
  2591 | D:4      | Noticed Robin
  2612 | D:4      | Killed Robin
  2613 | D:4      | Reached skill level 5 in Long Blades
  2656 | D:4      | Reached XP level 7. HP: 68/68 MP: 6/6
  2670 | D:4      | Found a glowing drain.
  2679 | Sewer    | Entered a sewer
  3084 | D:4      | Noticed Natasha
  3100 | D:4      | Killed Natasha
  3251 | D:4      | Noticed Grinder
  3257 | D:4      | Noticed Grinder
  3257 | D:4      | Grinder changed into Grinder the quasit
  3279 | D:4      | Killed Grinder the quasit
  3320 | D:4      | Noticed Natasha
  3338 | D:4      | Killed Natasha
  3338 | D:4      | Reached **** piety under Trog
  3338 | D:4      | Reached skill level 6 in Long Blades
  3408 | D:5      | Entered Level 5 of the Dungeon
  3546 | D:5      | Reached XP level 8. HP: 72/79 MP: 4/7
  3626 | D:5      | Noticed Eustachio
  3629 | D:5      | Found a white marble altar of Elyvilon.
  3635 | D:5      | Noticed Eustachio
  3635 | D:5      | Eustachio changed into Eustachio the steam dragon
  3643 | D:5      | Killed Eustachio the steam dragon
  4007 | D:6      | Reached skill level 5 in Dodging
  4018 | D:6      | Reached skill level 5 in Fighting
  4444 | D:6      | Reached skill level 7 in Long Blades
  4805 | D:6      | Reached XP level 9. HP: 88/88 MP: 6/8
  5109 | D:7      | Reached skill level 8 in Long Blades
  5224 | D:7      | Found a burning altar of Makhleb.
  5224 | D:7      | Found a radiant altar of Vehumet.
  5286 | D:7      | Found Domi's Assorted Antiques.
  5297 | D:7      | Bought a scroll of teleportation for 63 gold pieces
  5297 | D:7      | Bought an agate ring for 105 gold pieces
  5358 | D:7      | Found a staircase to the Ecumenical Temple.
  5972 | D:7      | Reached skill level 9 in Long Blades
  5972 | D:7      | Reached XP level 10. HP: 84/100 MP: 9/9
  6035 | D:8      | Received a gift from Trog
  6084 | D:8      | Noticed Joseph
  6102 | D:8      | Found an iron altar of Okawaru.
  6284 | D:8      | Found a shadowy altar of Dithmenos.
  6285 | D:8      | Found a hide-covered altar of Uskayaw.
  6288 | D:8      | Found a sparkling altar of Nemelex Xobeh.
  6454 | D:8      | Noticed Grum
  6471 | D:8      | Killed Grum
  6542 | D:8      | Killed Joseph
  6547 | D:8      | Noticed Pikel
  6563 | D:8      | Killed Pikel
  6691 | D:8      | Reached ***** piety under Trog
  6753 | D:8      | Found Elazuiq's Jewellery Shoppe.
  6754 | D:8      | Found a basalt altar of Yredelemnul.
  6777 | D:8      | Found a blossoming altar of Fedhas.
  6909 | D:8      | Found a glowing golden altar of the Shining One.
  7193 | D:9      | Paralysed by a hornet for 2 turns
  7198 | D:9      | Reached skill level 10 in Long Blades
  7199 | D:9      | Found an ornate altar of the Wu Jian Council.
  7322 | D:9      | Found a basalt altar of Yredelemnul.
  8084 | D:10     | Entered Level 10 of the Dungeon
  8088 | D:10     | Reached XP level 11. HP: 109/109 MP: 10/10
  8342 | D:10     | Received a gift from Trog
  8356 | D:10     | Found a sparkling altar of Nemelex Xobeh.
  8411 | D:10     | Noticed a two-headed ogre
  8423 | D:10     | Killed a two-headed ogre
  8504 | D:10     | Noticed a two-headed ogre
  8514 | D:10     | Killed a two-headed ogre
  8602 | D:10     | Noticed a centaur warrior
  8618 | D:10     | Killed a centaur warrior
  8618 | D:10     | Reached skill level 11 in Long Blades
  8918 | D:11     | Found a gate leading to a gauntlet.
  8922 | Gauntlet | Entered a Gauntlet
  8922 | Gauntlet | Found a transporter.
  8922 | Gauntlet | Found a transporter.
  8926 | Gauntlet | Found a transporter.
  8926 | Gauntlet | Found a transporter.
  8935 | Gauntlet | Found a transporter.
  8954 | Gauntlet | Found a transporter.
  8961 | Gauntlet | Noticed a sixfirhy
  8964 | Gauntlet | Found a transporter.
  8964 | Gauntlet | Found a transporter.
  8966 | Gauntlet | Noticed a sixfirhy
  8967 | Gauntlet | Noticed a sixfirhy
  8969 | Gauntlet | Noticed a harpy
  8969 | Gauntlet | a spiny frog changed into a harpy
  8985 | Gauntlet | Noticed an orb spider
  8988 | Gauntlet | Found a transporter.
  8995 | Gauntlet | Found a transporter.
  8999 | Gauntlet | Noticed an orb spider
  8999 | Gauntlet | a harpy changed into an orb spider
  9002 | Gauntlet | Noticed a fire crab
  9002 | Gauntlet | an orb spider changed into a fire crab
  9007 | Gauntlet | Found a transporter.
  9025 | Gauntlet | Found a transporter.
  9071 | Gauntlet | Found a transporter.
  9085 | Gauntlet | Found a transporter.
  9086 | Gauntlet | Found the +0 pair of fencer's gloves {Riposte Dex+3}
  9170 | Gauntlet | Noticed a large abomination
  9186 | Gauntlet | Found a transporter.
  9204 | Gauntlet | Found a transporter.
  9413 | Gauntlet | Paralysed by a hornet for 3 turns
  9572 | Gauntlet | HP: 7/166 [sixfirhy (11)]
  9573 | Gauntlet | Killed a sixfirhy
  9578 | Gauntlet | HP: 5/166 [sixfirhy (4)]
  9578 | Gauntlet | Slain by a sixfirhy

Levels and vault maps discovered:
D:1:      scummos_arrival_simple_fountains, layout_loops_ring
D:2:      minmay_chambers_of_ones, layout_loops_ring, serial_bayou_lake_a
D:3:      layout_basic, kennysheep_minor_cross, serial_park_tiny_1
D:4:      layout_basic, portal_sewer_entry_f, first_ration, uniq_natasha,
          uniq_robin, uniq_grinder
D:5:      layout_rooms, basic_altar, serial_glass, glass_columns_a,
          glass_columns_a, kennysheep_cluttered_room, grunt_ministairs_1,
          uniq_eustachio
D:6:      cheibrodos_barr_body, layout_layer_cave
D:7:      layout_cave_pools, grunt_temple_overflow_lords_of_destruction,
          minmay_temple_entry_glassed_door, serial_shops, shop, grunt_livestock
D:8:      layout_cave_pools, nicolae_overflow_hidden_temple,
          nicolae_overflow_quartered_altars, serial_bayou,
          serial_bayou_lagoon_b, serial_bayou_shore_a, serial_bayou_ford_a,
          serial_bayou_pond_b, serial_bayou_pond_d, serial_bayou_pond_c,
          serial_shops, shop, uniq_pikel, uniq_joseph, uniq_grum
D:9:      layout_long_grid, lemuel_round_altar, basic_altar, special_room
          [special_room_orc]
D:10:     layout_roguey [special_room_orc], chequers_serial_rivers_room_b,
          nemelex_altar_shiori
D:11:     layout_gridville, grunt_lair_entry_orc_guard_hut,
          gauntlet_entry_generic, nrook_mini_vaults
Gauntlet: gammafunk_gauntlet_branching [gammafunk_gauntlet_arena_grid,
          gammafunk_gauntlet_arena_hedges, nicolae_gauntlet_arena_blocks,
          nicolae_gauntlet_arena_flowing_pool, nicolae_gauntlet_arena_t_cross,
          gammafunk_gauntlet_arena_open, gammafunk_gauntlet_arena_chambers,
          gammafunk_gauntlet_arena_mazey, gauntlet_exit_watery]

Skill      XL: |  1  2  3  4  5  6  7  8  9 10 11 |
---------------+----------------------------------+-----
Long Blades    | 3 4 5 6 7 9 10 11 | 11.3
Fighting       | 3 4 5 6 7 8 |  8.3
Dodging        | 3 4 5 6 7 8 |  8.3

Action                   |  1- 3 |  4- 6 |  7- 9 | 10-12 || total
-------------------------+-------+-------+-------+-------++-------
Melee: Falchion          |   142 |   155 |   500 |    76 ||   873
       Short sword       |       |       |       |   520 ||   520
Invok: Berserk           |     2 |     4 |     8 |    11 ||    25
       Trog's Hand       |       |       |     1 |       ||     1
       Brothers in Arms  |       |       |       |     1 ||     1
Evoke: Wand              |       |       |    25 |    20 ||    45
  Use: Scroll            |       |       |    10 |     5 ||    15
       Potion            |       |       |       |     2 ||     2
 Stab: Paralysed         |       |       |    26 |       ||    26
  Eat: Chunk             |    21 |    16 |    39 |    36 ||   112
Armor: Animal skin       |    94 |    55 |    25 |       ||   174
       Robe              |       |       |   173 |   162 ||   335
Dodge: Dodged            |   101 |    98 |   295 |   371 ||   865
       Rpst.: Falchion   |    24 |    20 |    76 |    13 ||   133
